 Dungeon Crawl Stone Soup version 0.30-a0-134-gb40fab5c76 (webtiles) character file.

Game seed: 13218540281338662885

163 IdlyInterested the Trooper (level 5, -1/41 HPs)
             Began as a Demonspawn Wanderer on Sept 19, 2022.
             Slain by a scorpion (3 damage)
             ... on level 5 of the Dungeon.
             The game lasted 00:10:57 (5062 turns).

IdlyInterested the Trooper (Demonspawn Wanderer)    Turns: 5062, Time: 00:10:57

Health: -1/41      AC:  3    Str:  9    XL:     5   Next: 20%
Magic:  0/6        EV: 11    Int: 15    God:
Gold:   221        SH:  5    Dex: 16    Spells: 5/6 levels left

rFire   . . .      SeeInvis .    f - +0 hand axe
rCold   . . .      Faith    .    d - +0 buckler
rNeg    . . .      Spirit   +    k - +0 leather armour
rPois   .          Reflect  .    (helmet restricted)
rElec   .          Harm     .    (no cloak)
rCorr   .          Rampage  .    (no gloves)
Will    .....                    (no boots)
Stlth   +.........               j - amulet of guardian spirit
HPRegen 0.13/turn                o - ring of flight
MPRegen 0.10/turn                (no ring)

@: flying
A: antennae 1, hooves 1, noise suppression
a: no special abilities


You were on level 5 of the Dungeon.
You visited 1 branch of the dungeon, and saw 5 of its levels.

You collected 221 gold pieces.

Inventory:

Hand Weapons
 a - a +0 flail
 f - a +0 hand axe (weapon)
 s - a +0 short sword
 v - a +0 war axe
 x - a +0 quarterstaff
Missiles
 w - 2 poisoned darts (quivered)
Armour
 c - a +0 robe
 d - a +0 buckler (worn)
 g - a +0 plate armour
 k - a +0 leather armour (worn)
Magical Staves
 z - a staff of cold
Jewellery
 j - an amulet of guardian spirit (around neck)
 n - a ring of fire
 o - a ring of flight (left hand)
 y - a ring of fire
Wands
 r - a wand of mindburst (13)
Scrolls
 e - a scroll of butterflies
 l - a scroll of vulnerability
 u - a scroll of blinking
Potions
 h - 3 potions of attraction
 m - 2 potions of mutation
 p - a potion of brilliance {unknown}
 q - 2 potions of curing {unknown}
 t - a potion of magic {unknown}


   Skills:
 * Level 3.3 Fighting
 + Level 1.2 Armour
 - Level 2.0 Dodging
 - Level 3.0 Shields
 - Level 1.0 Spellcasting
 + Level 3.1 Hexes
 - Level 2.0 Fire Magic


You had 5 spell levels left.
You knew the following spells:

 Your Spells              Type           Power      Damage    Failure   Level
a - Slow                  Hex            40%        N/A       13%         1

Your spell library contained the following spells:

 Spells                   Type           Power      Damage    Failure   Level
 Foxfire                  Conj/Fire      12%        2x1d4     30%         1
 Confusing Touch          Hex            10%        N/A       36%         3
 Sandblast                Erth           0%         2d4       41%         1
 Cigotuvi's Dreadful Rot  Necr/Pois/Air  0%         N/A       56%         2
 Passwall                 Tmut/Erth      0%         N/A       56%         2
 Poisonous Vapours        Pois/Air       0%         N/A       56%         2
 Kindle Blastsparks       Fire/Tloc/Air  4%         2d10      71%         3
 Stone Arrow              Conj/Erth      0%         3d7       80%         3
 Sticky Flame             Conj/Fire      3%         2d3       96%         4


Dungeon Overview and Level Annotations

Branches:
Dungeon (5/15)
 Temple: D:4-7

Altars:
Ashenzari

Shops:
D:5 (


Innate Abilities, Weirdness & Mutations

You have a pair of small antennae on your head.
You have large cloven feet.
You passively dampen the noise of your surroundings.


Message History

The orc wizard gestures wildly while chanting.
The orc wizard flickers and vanishes!
You hit the scorpion but do no damage.
You feel sick. The scorpion completely misses you.
The orc priest looks encouraged for a moment.
The scorpion completely misses you.
You hit the scorpion.
The scorpion is lightly wounded.
You feel sick.
You are no longer poisoned.
You block the scorpion's attack.
The orc priest casts a cantrip, but nothing happens.
You closely miss the scorpion. You kick the scorpion.
The scorpion is moderately wounded.
The scorpion stings you. x2
Really read the scroll of torment?
As you read the scroll of torment, it crumbles to dust.
Your body is wracked with pain!
* * * LOW HITPOINT WARNING * * *
The scorpion convulses!
The orc convulses!
The ice beast convulses!
The orc priest convulses!
Something is bathed in an unholy light! x2
The scorpion stings you.
* * * LOW HITPOINT WARNING * * *
The orc priest calls down the wrath of Beogh upon you.
Beogh smites you!
* * * LOW HITPOINT WARNING * * *
As you read the scroll of fear, it crumbles to dust.
You assume a fearsome visage.
The orc priest looks frightened!
The orc looks frightened!
The ice beast looks frightened!
The scorpion looks frightened!
You closely miss the scorpion.
The scorpion is heavily wounded.
Cornered, the scorpion turns to fight!
You block the scorpion's attack.
You completely miss the scorpion.
The scorpion is heavily wounded.
The scorpion closely misses you. x2
You barely miss the scorpion.
The scorpion is heavily wounded.
The scorpion stings you.
You die...

#..#.##.#####.# .
...#..##.#####.# ..
....#.###....##.#####
?.. ..# #.
####.#......# .... #.
#........# .....
###......#......
######.{......
###########.o#......
.......@s...##{s(...
############# o...
o.. .. .


You could see a scorpion and an orc (fleeing).

Vanquished Creatures
  An orc priest (D:5)
  An iguana (D:4)
  3 adders
  A worm (D:2)
  2 dart slugs
  An orc (D:3)
  13 ball pythons
  5 endoplasms
  2 giant cockroaches
  12 goblins
  5 hobgoblins
  5 quokkas
  6 bats
  A frilled lizard (D:3)
  5 kobolds
  5 rats (D:3)
68 creatures vanquished.

Vanquished Creatures (others)
  A fungus (D:1)
  A plant (D:1)
2 creatures vanquished.

Grand Total: 70 creatures vanquished

Notes
Turn   | Place    | Note
-------+----------+-------------------------------------------
     0 | D:1      | IdlyInterested the Demonspawn Wanderer began the quest for
                  | the Orb.
     0 | D:1      | IdlyInterested set off with the following items: a +0
                  | dagger, a scroll of fear, a +0 robe, a +0 buckler; and the
                  | following spells available to memorise: Slow, Foxfire,
                  | Confusing Touch, Kindle Blastsparks, Sticky Flame.
     0 | D:1      | Reached XP level 1. HP: 13/13 MP: 2/2
    56 | D:1      | Learned a level 1 spell: Slow
   236 | D:1      | Found a faded altar of an unknown god.
   623 | D:1      | Reached skill level 1 in Fighting
   623 | D:1      | Discovered your monstrous ancestry.
   623 | D:1      | Gained mutation: You have a pair of small antennae on your
                  | head. [demonic ancestry]
   623 | D:1      | Reached XP level 2. HP: 3/21 MP: 3/3
  1656 | D:2      | Gained mutation: You have large cloven feet. [demonic
                  | ancestry]
  1656 | D:2      | Reached XP level 3. HP: 26/27 MP: 4/4
  2471 | D:3      | Gained mutation: You passively dampen the noise of your
                  | surroundings. [potion of mutation]
  3290 | D:3      | Reached XP level 4. HP: 32/34 MP: 5/5
  4589 | D:4      | Found a broken altar of Ashenzari.
  4602 | D:4      | Reached skill level 1 in Armour
  4796 | D:5      | Entered Level 5 of the Dungeon
  4956 | D:5      | Found Kuet Pyf's Weapon Shop.
  5019 | D:5      | Noticed a scorpion
  5020 | D:5      | Noticed an ice beast
  5022 | D:5      | Reached XP level 5. HP: 41/41 MP: 6/6
  5058 | D:5      | HP: 2/41 [orc priest/divine providence (9)]
  5062 | D:5      | Slain by a scorpion

Illustrated notes

Levels and vault maps discovered:
D:1:      matt_arrival_grand_opening, layout_loops_ring,
          dreamdust_ecumenical_altar_grove
D:2:      layout_basic, minmay_misc_feat_enclosed
D:3:      cheibrodos_helix_gallery, layout_basic, grunt_ministairs_11
D:4:      layout_gridville, mainiacjoe_overflow_small_starburst
D:5:      layout_rooms, serial_shops, nicolae_shop_bloodbath_and_beyond,
          kennysheep_generic_room_2

Skill      XL: |  1  2  3  4 |
---------------+-------------+-----
Dodging        | 2 |  2.0
Fighting       | 1 2 3 |  3.3
Shields        | 3 |  3.0
Fire Magic     | 2 |  2.0
Hexes          | 3 |  3.1
Armour         | 1 |  1.2
Spellcasting   | |  1.0

Action                   |  1- 3 |  4- 6 || total
-------------------------+-------+-------++-------
Melee: Hand axe          |   151 |    86 ||   237
       Dagger            |     8 |       ||     8
       Kick              |    21 |    27 ||    48
Throw: Dart              |       |     1 ||     1
Evoke: Wand              |       |     2 ||     2
  Use: Scroll            |     7 |     3 ||    10
       Potion            |     2 |     2 ||     4
 Stab: Sleeping          |     3 |       ||     3
Armor: Robe              |     5 |       ||     5
       Leather armour    |    25 |    18 ||    43
Dodge: Dodged            |    82 |    46 ||   128
Block: Buckler           |    48 |    28 ||    76

Table legend: (Time is in decaauts)
 A = Elapsed time spent in this place.
 B = Non-inter-level travel time spent in this place.
 C = Inter-level travel time spent in this place.
 D = Time resting spent in this place.
 E = Time spent auto-exploring this place.
 F = Levels seen in this place.
 G = Mean time per level.
                   A        B        C        D        E       F      G
               +--------+--------+--------+--------+--------+-----+--------+
         Total |   5143 |   4685 |    458 |   1282 |   2397 |   5 | 1028.6 |
       Dungeon |   5143 |   4685 |    458 |   1282 |   2397 |   5 | 1028.6 |
               +--------+--------+--------+--------+--------+-----+--------+

Top non-repeatable levels by time:
     D:1: 1703 daAuts
     D:3: 1442 daAuts
     D:4: 1115 daAuts
     D:2: 727 daAuts
     D:5: 154 daAuts
